 Dungeon Sprint DCSS version 0.18-a0-1267-gff090c1 (webtiles) character file.

438 nuthulu the Basher (level 6, -1/71 HPs)
             Began as a Troll Berserker on Feb 6, 2016.
             Was a Believer of Trog.
             Slain by a slime creature (17 damage)
             ... in the Dungeon (Sprint I: "Red Sonja").
             The game lasted 00:01:34 (319 turns).

nuthulu the Basher (Troll Berserker)                 Turns: 319, Time: 00:01:34

Health: -1/71      AC:  5    Str: 26    XL:     6   Next: 69%
Magic:  5/5        EV: 12    Int:  3    God:    Trog [**....]
Gold:   173        SH:  0    Dex:  9    Spells: 0 memorised, 5 levels left

rFire  . . .     SeeInvis .     k - +0 giant club
rCold  . . .     Gourm    +     j - +0 robe
rNeg   . . .     Faith    .     (shield currently unavailable)
rPois  .         Spirit   .     (helmet restricted)
rElec  .         Dismiss  .     (no cloak)
rCorr  .         Reflect  .     (gloves unavailable)
SustAt .         Harm     .     (boots unavailable)
MR     .....     NoTele   +     (no amulet)
Stlth  +.........               (no ring)
                                (no ring)

@: not resistant to hostile enchantments, very unstealthy
A: unfitting armour, claws 3, clumsy 1, fast metabolism 3, gourmand,
regeneration 2, shaggy fur 1, tough skin 2
a: Berserk, Trog's Hand, Burn Spellbooks, Renounce Religion


You were in the Dungeon.
You worshipped Trog.
Trog was pleased with you.
You were completely stuffed.

You visited 1 branch You collected 313 gold pieces.
You spent 140 gold pieces at shops.

Inventory:

Hand Weapons
 a - a +0 mace
 k - a +0 giant club (weapon)
Armour
 b - a +0 animal skin
 j - a +0 robe (worn)
Scrolls
 i - a scroll of blinking
Potions
 d - a potion of curing
 e - a potion of heal wounds
 f - a potion of haste
 g - 2 potions of magic
 h - a potion of berserk rage
Miscellaneous
 m - a plain deck of wonders {drawn: 6}
Comestibles
 c - 2 bread rations
 l - a chunk of flesh


   Skills:
 + Level 7.4 Fighting
 + Level 8.1 Maces & Flails
 + Level 7.4 Dodging


You had 5 spell levels left.
You didn't know any spells.

Dungeon Overview and Level Annotations

Branches:
Dungeon (1/1)

Altars:
Cheibriados
Dithmenos
Elyvilon
Fedhas
Gozag
Kikubaaqudgha
Makhleb
Nemelex Xobeh
Okawaru
Pakellas
Qazlal
Ru
Sif Muna
Trog
Vehumet
Xom
Yredelemnul
Zin
The Shining One
Jiyva

Shops:
D }


Innate Abilities, Weirdness & Mutations

You are too large for most types of armour.
You have claws for hands.
Your metabolism is lightning-fast.
You like to eat raw meat.
You heal very quickly.
You are covered in fur (AC +1).
You have very tough skin (AC +2).
You are clumsy. (Dex -2)


Message History

A slime creature comes into view.
The slime creature quivers.
The slime creature moves out of view.
Found a viscous altar of Jiyva and a blossoming altar of Fedhas.
The slime creature hits you!!
Found a snail-covered altar of Cheibriados and a shadowy altar of Dithmenos.
There is an open door, spattered with blood here.
You barely miss the slime creature. The slime creature hits you!!
You hit the slime creature.
The slime creature is lightly wounded.
The slime creature barely misses you.
You completely miss the slime creature. The slime creature hits you!
You bludgeon the slime creature!!
The slime creature is heavily wounded.
The slime creature hits you!
* * * LOW HITPOINT WARNING * * *
You barely miss the slime creature.
The slime creature is moderately wounded.
The slime creature barely misses you. The slime creature hits you!
You die...

###################
#<.#..'..#..'..#__#
K
#..'[.#..').#..@..+
G
#..#####'#####'#J_#
K
#..####..#...#(####
#..#__####..##.# c
#..#_.___##'#..+ y
#⌠⌠#_.∩...÷..._# c
####_..._##_.#+#
#_____###+# P
#######


You could see a slime creature.

Vanquished Creatures
  Sigmund (D)
  A yak (D)
  An ogre (D)
  A jelly (D)
  Ijyb (D)
5 creatures vanquished.

Notes
Turn   | Place    | Note
--------------------------------------------------------------
     0 | D        | nuthulu the Troll Berserker began the quest for the Orb.
     0 | D        | Reached XP level 1. HP: 22/22 MP: 0/0
     2 | D        | Noticed Ijyb
    23 | D        | Killed Ijyb
    23 | D        | Reached skill level 3 in Fighting
    23 | D        | Reached skill level 4 in Maces & Flails
    23 | D        | Reached XP level 2. HP: 24/31 MP: 1/1
    37 | D        | Noticed an ogre
    42 | D        | Killed an ogre
    42 | D        | Reached skill level 5 in Fighting
    42 | D        | Reached skill level 5 in Maces & Flails
    42 | D        | Reached skill level 5 in Dodging
    42 | D        | Reached XP level 3. HP: 42/42 MP: 2/2
    42 | D        | Reached XP level 4. HP: 50/50 MP: 3/3
    82 | D        | Noticed Sigmund
    89 | D        | Killed Sigmund
    89 | D        | Reached ** piety under Trog
    89 | D        | Reached skill level 6 in Fighting
    89 | D        | Reached skill level 7 in Maces & Flails
    89 | D        | Reached XP level 5. HP: 61/61 MP: 4/4
    89 | D        | Reached XP level 6. HP: 68/68 MP: 5/5
   143 | D        | Found a deep blue altar of Sif Muna.
   145 | D        | Found a radiant altar of Vehumet.
   167 | D        | Found Robarask's Gadget Emporium.
   167 | D        | Found a white marble altar of Elyvilon.
   167 | D        | Found a stormy altar of Qazlal.
   167 | D        | Found a burning altar of Makhleb.
   167 | D        | Found a sacrificial altar of Ru.
   167 | D        | Found an oddly glowing altar of Pakellas.
   167 | D        | Found a basalt altar of Yredelemnul.
   167 | D        | Found a glowing golden altar of the Shining One.
   167 | D        | Found a sparkling altar of Nemelex Xobeh.
   167 | D        | Found a shimmering altar of Xom.
   167 | D        | Found an opulent altar of Gozag.
   167 | D        | Found an ancient bone altar of Kikubaaqudgha.
   167 | D        | Found a glowing silver altar of Zin.
   167 | D        | Noticed a yak
   171 | D        | Killed a yak
   171 | D        | Reached skill level 8 in Maces & Flails
   172 | D        | Found an iron altar of Okawaru.
   175 | D        | Found a bloodstained altar of Trog.
   181 | D        | Bought a plain deck of wonders for 140 gold pieces
   197 | D        | Gained mutation: You are clumsy. (Dex -2) [helix card]
   313 | D        | Found a viscous altar of Jiyva.
   313 | D        | Found a blossoming altar of Fedhas.
   313 | D        | Noticed a slime creature
   314 | D        | Found a snail-covered altar of Cheibriados.
   314 | D        | Found a shadowy altar of Dithmenos.
   319 | D        | Slain by a slime creature

Vault maps used:
D:        dungeon_sprint_1

Action                   |  1- 3 |  4- 6 || total
-------------------------+-------+-------++-------
Melee: Mace              |    25 |       ||    25
       Giant club        |       |    15 ||    15
Invok: Berserk           |     1 |     1 ||     2
Evoke: Deck              |       |     6 ||     6
  Eat: Chunk             |       |    11 ||    11
